 Dungeon Crawl Stone Soup version 0.30-a0-702-gdf48620a09 (webtiles) character file.

Game seed: 11425534395608962435

48911 kae the Transmogrifier (level 14, -10/129 HPs)
             Began as a Demonspawn Transmuter on Jan 21, 2023.
             Was a High Priest of Makhleb.
             Killed from afar by a lindwurm (52 damage)
             ... with a blast of flame
             ... on level 5 of the Lair of Beasts.
             The game lasted 00:26:45 (14389 turns).

kae the Transmogrifier (Demonspawn Transmuter)     Turns: 14389, Time: 00:26:46

Health: -10/129    AC: 10    Str: 19    XL:     14   Next: 14%
Magic:  26/27      EV: 12    Int: 16    God:    Makhleb [*****.]
Gold:   1761       SH:  0    Dex: 17    Spells: 21/31 levels left

rFire   x . .      SeeInvis .      - Unarmed
rCold   + + +      Faith    .    (shield currently unavailable)
rNeg    . . .      Spirit   .    (body armour currently unavailable)
rPois   +          Reflect  .    (helmet currently unavailable)
rElec   +          Harm     .    (cloak currently unavailable)
rCorr   .          Rampage  .    (gloves currently unavailable)
Will    ++...                    (boots currently unavailable)
Stlth   ++                       g - amulet of regeneration
HPRegen 1.21/turn                h - ring "Waginib" {rElec Will+ Str+6}
MPRegen 0.20/turn                C - ring of protection from cold

@: ice-form, wereblooded
A: freezing attack, amphibious, boosted hp, large, (molten scales 3), powered by
pain 2, robust 1, demonic magic 2, (weakness stinger 2), agile 1, sense
surroundings 1
a: End Transformation, Renounce Religion, Minor Destruction, Lesser Servant of
Makhleb, Major Destruction, Greater Servant of Makhleb


You were on level 5 of the Lair of Beasts.
You worshipped Makhleb.
Makhleb was extremely pleased with you.
You were a creature of crystalline ice.
You visited 2 branches of the dungeon, and saw 14 of its levels.
You also visited: Bailey.

You collected 1761 gold pieces.


Innate Abilities, Weirdness & Mutations

You are a creature of crystalline ice.
You have a powerful freezing melee attack.
You are amphibious.
Your maximum health is increased.
Your armour is entirely melded.
You are incapable of wielding weapons or throwing items.
((You are completely covered in molten scales. (AC +4, rF+)))
You sometimes gain power by taking damage.
You are robust. (+10% HP)
Spells you cast may paralyse nearby enemies.
((You have a tail ending in a sharp stinger.))
You are agile. (Dex +4, Str/Int -1)
You passively map a small area around you.


   Skills:
 + Level 5.8 Fighting
 + Level 5.6 Dodging
 + Level 9.2 Unarmed Combat
 + Level 9.0 Spellcasting
 * Level 12.4 Transmutations
 * Level 9.9 Ice Magic
 - Level 5.1 Poison Magic
 + Level 9.9 Invocations


You had 21 spell levels left.
You knew the following spells:

 Your Spells              Type           Power      Damage    Failure   Level
a - Beastly Appendage     Tmut           92%        N/A       1%          1
b - Wereblood             Tmut           46%        N/A       1%          2
c - Spider Form           Tmut/Pois      35%        N/A       1%          3
d - Ice Form              Ice/Tmut       43%        N/A       1%          4

Your spell library contained the following spells:

 Spells                   Type           Power      Damage    Failure   Level
 Sting                    Tmut/Pois      100%       1d8       1%          1
 Frozen Ramparts          Ice            78%        1d12      1%          3
 Ignite Poison            Fire/Tmut/Pois 25%        N/A       2%          3
 Poisonous Vapours        Pois/Air       30%        N/A       5%          2
 Shock                    Conj/Air       28%        1d4       10%         1
 Olgreb's Toxic Radiance  Pois           23%        N/A       12%         4
 Summon Ice Beast         Ice/Summ       23%        N/A       13%         4
 Static Discharge         Conj/Air       14%        2-3/arc   16%         2
 Dazzling Flash           Conj/Hex       14%        N/A       30%         3
 Swiftness                Air            7%         N/A       30%         3
 Vhi's Electric Charge    Tloc/Air       14%        N/A       30%         3
 Airstrike                Air            3%         2d(1-17)  69%         4
 Animate Dead             Necr           7%         N/A       69%         4
 Iskenderun's Mystic Bla  Conj/Tloc      7%         2d4       69%         4
 Sticky Flame             Conj/Fire      7%         2d3       69%         4
 Arcjolt                  Conj/Air       3%         1d13      95%         5
 Borgnjor's Vile Clutch   Necr/Erth      3%         N/A       95%         5
 Lightning Bolt           Conj/Air       3%         1d15      95%         5
 Death Channel            Necr           3%         N/A       100%        6
 Starburst                Conj/Fire      3%         6d3       100%        6
 Ignition                 Fire           3%         3d4       100%        8
 Maxwell's Capacitive Co  Air            3%         ∞         100%        8

Inventory:

Missiles
 f - 21 stones
 i - 15 poisoned darts
 m - 18 javelins
 P - 2 curare-tipped darts {=f}
Armour
 a - a +0 robe (melded)
 y - a +2 cloak (melded)
   (You found it on level 8 of the Dungeon)
 G - a +2 pair of gloves of dexterity (melded)
   (You found it on level 9 of the Dungeon)
Magical Staves
 H - a staff of conjuration {!a}
   (You found it on level 1 of the Lair of Beasts)
 N - a staff of conjuration {!a}
   (You found it on level 3 of the Lair of Beasts)
Jewellery
 c - a ring of ice
   (You took it off a centaur on level 9 of the Dungeon)
 g - an amulet of regeneration (around neck)
   (You found it on level 2 of the Dungeon)
 h - the ring "Waginib" (left front paw) {rElec Will+ Str+6}
   (You acquired it in a bailey)

   [ring of strength]

   Str:       It affects your strength (+6).
   rElec:     It insulates you from electricity.
   Will:      It increases your willpower.
 C - a ring of protection from cold (right front paw)
   (You found it on level 6 of the Dungeon)
 D - a +6 ring of dexterity
   (You found it on level 2 of the Lair of Beasts)
 L - a ring of protection from cold
   (You found it on level 2 of the Lair of Beasts)
 W - a ring of magical power
   (You found it on level 1 of the Dungeon)
Wands
 n - a wand of charming (19)
   (You took it off Jessica on level 3 of the Dungeon)
 t - a wand of flame (38)
   (You found it on level 4 of the Dungeon)
 F - a wand of light (13)
   (You found it on level 8 of the Dungeon)
 M - a wand of mindburst (7)
   (You found it on level 2 of the Lair of Beasts)
 Q - a wand of roots (1)
   (You took it off Sonja on level 3 of the Lair of Beasts)
Scrolls
 d - a scroll of vulnerability {!r!r}
 e - 4 scrolls of fog
 o - a scroll of magic mapping {!r}
 r - 3 scrolls of teleportation {@r4}
 s - a scroll of poison {!r}
 u - 2 scrolls of immolation {!r!r}
 x - a scroll of enchant armour
 z - 3 scrolls of enchant weapon
 K - 2 scrolls of identify {@r1}
 O - a scroll of brand weapon
Potions
 b - 3 potions of lignification {!q}
 j - a potion of invisibility
 k - 4 potions of mutation {!q}
 p - a potion of might
 v - 2 potions of magic
 w - a potion of flight
 A - 2 potions of ambrosia
 E - a potion of haste {@q3}
 I - a potion of brilliance
 J - a potion of curing {@q1}
Miscellaneous
 l - a lightning rod (4/4)
   (You found it on level 9 of the Dungeon)

Dungeon Overview and Level Annotations

Branches:
Dungeon (9/15) Zot: 25431  Temple (0/1) D:5            Lair (5/5) D:8 Zot: 25141
 Shoals (0/4) Lair:2       Spider (0/4) Lair:2        Slime (0/5) Lair:5
 Bailey (visited)
    Orc: D:9-12

Altars:
Ashenzari
Cheibriados
Dithmenos
Fedhas
Hepliaklqana
Kikubaaqudgha
Makhleb
Okawaru
Qazlal
Ru
Sif Muna
Vehumet
Xom
Yredelemnul
Jiyva

Annotations:
D:5 2 transporters, Absynth's ghost, novice TeAE
Lair:4 1 runed translucent door, Rafuutu's ghost, journeyman DDFi

.........................#
.#...#..................##
###..###...............##
#*#.## *..[..##.#......P#
#*...***,,..,*##.#^###.##
.*#...**,,.,,*##...##*.#*
#*.....,,,,,,,#.....#*,.*
.*....,,,,,,,*##....#,,,*
#**,,,,,,,,,,**#Y...#*,**
*****,*,,,,,,#..k#.##,,**
,*,*,,,*,,.....P.#..#,,,*
**,,,**,,.............,,**
,,,,,,,,,.........<....,,*
,,,,,,,,,...............#*
,,,,,,,,,...............#
,,,,,,,,,........#P....##
,,,,,,,,,,,,********,,,*


You could see a lindwurm (catching breath).


Message History

You feel better.
Your Spellcasting skill increases to level 9! 😮 HP[+2] MP[+1]
You regained 2 hp, and now have 90/129 hp.
You hit the elephant. You freeze the elephant. 😮 HP[+1]
You pummel the elephant!! You freeze the elephant! The elephant tramples you.
You hold your ground!
The elephant trunk-slaps you but does no damage. 😮 HP[-1]
You take 1 damage, and now have 90/129 hp.
You hit the elephant. You freeze the elephant. The elephant tramples you.
You hold your ground!
The elephant trunk-slaps you but does no damage. 😮 HP[-2]
You take 2 damage, and now have 88/129 hp.
Unknown command.
You hit the elephant. You freeze the elephant. The elephant tramples you.
You hold your ground!
The elephant trunk-slaps you but does no damage. 😮 HP[-1]
You take 1 damage, and now have 87/129 hp.
You pummel the elephant!! You freeze the elephant!
You feel a bit better.
You kill the elephant!
Makhleb accepts your kill.
You feel better.
You howl as the wereblood boils in your veins! 😮 HP[+8] MP[+1]
You regained 8 hp, and now have 95/129 hp.
You see here an elephant corpse. 😮 HP[+1]
You howl as the wereblood boils in your veins! 😕 HP[+2]
You regained 2 hp, and now have 98/129 hp.
There is a stone staircase leading up, spattered with blood here. 😕 HP[+1] Unknown command.
Unknown command.
Unknown command.
Your primal bloodlust is almost over.
Your primal bloodlust has ended.
You see here an elephant corpse.
You see here a +2 trident of holy wrath. 😎 HP[+30] MP[+3]
Your hp is fully restored (129).
Your mp is fully restored (27).
Your transformation is almost over.
You now have 1761 gold pieces (gained 9).
You warm up again.
Your +2 cloak unmelds from your body.
Your +2 pair of gloves of dexterity unmelds from your body.
Your +0 robe unmelds from your body.
You feel agile.
Key pressed, stopping explore.
Found an escape hatch in the ceiling. 😎 HP[-21]
You now have 108 max hp (-21).
A lindwurm comes into view.
The lindwurm roars!
A lindwurm is nearby!
Unknown command.
A lindwurm is nearby!
A lindwurm is nearby!
Casting: Wereblood (safe; 1% risk of failure)
Confirm with . or Enter, or press ? or * to list all spells.
You turn into a creature of crystalline ice.
Your +2 cloak melds into your body.
Your +2 pair of gloves of dexterity melds into your body.
Your +0 robe melds into your body.
You feel clumsy. Malevolent energies surge around you.
The lindwurm breathes flames at you. The blast of flame hits you!!!
The fire burns you terribly!
You focus on the pain.
You feel your power returning. 😮 HP[-16]
You now have 129 max hp (+21).
Casting: Ice Form (mildly dangerous; 1% risk of failure)
Confirm with . or Enter, or press ? or * to list all spells.
Your blood is infused with primal strength.
Malevolent energies surge around you. The lindwurm breathes flames at you.
The blast of flame hits you!!! The fire burns you terribly!
* * * LOW HITPOINT WARNING * * *
😨 HP[-52] MP[-2]
You take 52 damage, and now have 40/129 hp.
MASSIVE DAMAGE!! (PAUSE)
You lost 2 mp, and now have 25/27 mp. 😨 HP[+1] MP[+1]
You feel better.
A nearby plant withers and dies. 😨 HP[+9]
You regained 9 hp, and now have 50/129 hp.
Okay, then.
The lindwurm bites you.
* * * LOW HITPOINT WARNING * * *
The lindwurm closely misses you. The lindwurm claws you.
* * * LOW HITPOINT WARNING * * *
😨 HP[-9]
You take 9 damage, and now have 41/129 hp.
The lindwurm breathes flames at you. The blast of flame hits you!!!
The fire burns you terribly!
You die...

Skill      XL: |  1  2  3  4  5  6  7  8  9 10 11 12 13 14 |
---------------+-------------------------------------------+-----
Transmutations | 2 7 8 9 10 11 12 | 12.4
Poison Magic   | 1 5 |  5.1
Unarmed Combat | 3 5 6 7 8 9 |  9.2
Spellcasting   | 5 6 7 8 9 |  9.0
Ice Magic      | 1 2 3 4 6 7 8 9 |  9.9
Invocations    | 1 2 4 5 7 8 9 |  9.9
Fighting       | 5 |  5.8
Dodging        | 5 |  5.6

Action                   |  1- 3 |  4- 6 |  7- 9 | 10-12 | 13-15 || total
-------------------------+-------+-------+-------+-------+-------++-------
Melee: Unarmed           |    79 |   101 |   265 |   303 |   378 ||  1126
       Kick              |    16 |    12 |     1 |       |       ||    29
       Headbutt          |     5 |     4 |     2 |       |       ||    11
       Tailslap          |    12 |     4 |       |       |     1 ||    17
       Punch             |     1 |       |       |       |       ||     1
 Cast: Beastly Appendage |    22 |    13 |     4 |     6 |       ||    45
       Spider Form       |       |    15 |     3 |       |       ||    18
       Wereblood         |       |     2 |    10 |    22 |    19 ||    53
       Ice Form          |       |       |    31 |    41 |    33 ||   105
Invok: Minor Destruction |       |       |       |     6 |     6 ||    12
       Lesser Servant of |       |       |       |     2 |     3 ||     5
 Abil: End Transformatio |       |       |     1 |       |       ||     1
Evoke: Wand              |       |       |       |     8 |       ||     8
  Use: Scroll            |     8 |     2 |     8 |    10 |     4 ||    32
       Potion            |       |     4 |     3 |     2 |     3 ||    12
 Stab: Paralysed         |     1 |     1 |     4 |     8 |     3 ||    17
       Sleeping          |       |     1 |       |     1 |       ||     2
       Invisible         |       |       |     1 |       |       ||     1
       Distracted        |       |       |       |       |     2 ||     2
Armor: Robe              |    12 |     5 |     4 |       |       ||    21
       Skin              |       |     5 |    69 |    73 |   129 ||   276
Dodge: Dodged            |    43 |    58 |   145 |   150 |   225 ||   621

Levels and vault maps discovered:
D:1:      shiori_arrival_whats_in_store_for_you, layout_loops_corners
D:2:      layout_rooms
D:3:      layout_loops_corners, mainiacjoe_overflow_catwalk,
          lemuel_coloured_pillars_altar,
          mainiacjoe_overflow_concentric_impassable, cheibrodos_worm_habitat,
          beargit_hepliaklqana_dungeon_heroes, uniq_sigmund
D:4:      layout_rooms, nicolae_overflow_hidden_temple,
          mainiacjoe_overflow_alcove_1, mainiacjoe_overflow_boulevard,
          dk_noncrumbling_4
D:5:      layout_basic, kennysheep_orc_sif_temple,
          mainiacjoe_overflow_tiny_flanked, kennysheep_little_box,
          minmay_temple_entry_stoned_glass, gammafunk_ghost_arena
D:6:      layout_basic, chequers_serial_rivers_micro_d, uniq_blork_the_orc,
          uniq_grinder
D:7:      layout_rooms, mainiacjoe_overflow_big_doors
D:8:      layout_basic, david_lair_generic
D:9:      nzn_winding_woodlands_large [nzn_winding_woodlands_5x5_default,
          nzn_winding_woodlands_5x15_sidewinder,
          nzn_winding_woodlands_5x5_perimeter,
          nzn_winding_woodlands_center_pierced_h,
          nzn_winding_woodlands_15x15_eel_pit,
          nzn_winding_woodlands_center_triple_pond,
          nzn_winding_woodlands_5x5_closed_star,
          nzn_winding_woodlands_5x15_cabin, nzn_winding_woodlands_5x5_default],
          layout_irregular_city, mainiacjoe_overflow_paths, led_xom_imps,
          enter_bailey_2
Lair:1:   layout_roguey
Lair:2:   layout_roguey, shoals_dummy_entry, nicolae_spider_entry_tight_spaces
Lair:3:   layout_chaotic_city, serial_rivers, chequers_serial_rivers_small_3,
          chequers_serial_rivers_room_a, chequers_serial_rivers_large_b,
          chequers_serial_rivers_large_a, st_stairs_10, uniq_urug, uniq_sonja
Lair:4:   layout_cave_pods, ebering_ghost_reflecting_pool
Lair:5:   minmay_lair_end_enchanted_forest, layout_regular_city, slime_entry_1,
          grunt_megastairs_1

Notes
Turn   | Place    | Note
-------+----------+-------------------------------------------
     0 | D:1      | kae the Demonspawn Transmuter began the quest for the Orb.
     0 | D:1      | Reached XP level 1. HP: 15/15 MP: 3/3
     0 | D:1      | Noticed a formicid
     0 | D:1      | magus.rc [v1.11.3]
     3 | D:1      | Noticed a spriggan
     7 | D:1      | Noticed a barachi
     8 | D:1      | Noticed a gargoyle
    11 | D:1      | Noticed a demonspawn zombie
    13 | D:1      | Noticed a merfolk
    17 | D:1      | Noticed a gargoyle
    67 | D:1      | Reached skill level 2 in Transmutations
   335 | D:1      | Gained mutation: You have a small tail. [demonic ancestry]
   335 | D:1      | Reached XP level 2. HP: 16/21 MP: 3/5
   448 | D:1      | You add the spells Vhi's Electric Charge, Arcjolt and
                  | Maxwell's Capacitive Coupling to your library.
  1057 | D:2      | Reached skill level 1 in Poison Magic
  1057 | D:2      | Gained mutation: Spells you cast may paralyse adjacent
                  | enemies. [demonic ancestry]
  1057 | D:2      | Reached XP level 3. HP: 26/26 MP: 6/6
  1060 | D:2      | Learned a level 2 spell: Wereblood
  1064 | D:2      | Learned a level 3 spell: Spider Form
  1211 | D:2      | Reached skill level 3 in Unarmed Combat
  1610 | D:2      | Gained mutation: You sometimes gain a little power by
                  | taking damage. [demonic ancestry]
  1610 | D:2      | Reached XP level 4. HP: 32/32 MP: 7/7
  1938 | D:3      | Reached skill level 3 in Transmutations
  1951 | D:3      | Noticed Sigmund
  1960 | D:3      | Identified a potion of experience
  1960 | D:3      | Reached skill level 5 in Unarmed Combat
  1960 | D:3      | Reached skill level 5 in Spellcasting
  1960 | D:3      | Reached skill level 7 in Transmutations
  1960 | D:3      | Reached skill level 5 in Poison Magic
  1960 | D:3      | Gained mutation: Spells you cast may paralyse nearby
                  | enemies. [demonic ancestry]
  1960 | D:3      | Reached XP level 5. HP: 23/37 MP: 12/12
  1962 | D:3      | Gained mutation: You passively map a small area around you.
                  | [potion of mutation]
  1962 | D:3      | Gained mutation: You are agile. (Dex +4, Str/Int -1)
                  | [potion of mutation]
  1971 | D:3      | Killed Sigmund
  1972 | D:3      | Reached XP level 6. HP: 19/43 MP: 14/14
  1980 | D:3      | Learned a level 4 spell: Ice Form
  2157 | D:3      | Found a shadowy altar of Dithmenos.
  2272 | D:3      | Found a snail-covered altar of Cheibriados.
  2368 | D:3      | Found a hazy altar of Hepliaklqana.
  2369 | D:3      | Noticed Jessica
  2372 | D:3      | Found a faded altar of an unknown god.
  2377 | D:3      | Killed Jessica
  2688 | D:3      | Found an iron altar of Okawaru.
  2852 | D:3      | Found a blossoming altar of Fedhas.
  3166 | D:4      | Found a radiant altar of Vehumet.
  3456 | D:4      | Found a burning altar of Makhleb.
  3469 | D:4      | Reached skill level 1 in Ice Magic
  3469 | D:4      | Reached XP level 7. HP: 30/48 MP: 15/15
  3501 | D:4      | Became a worshipper of Makhleb the Destroyer
  3566 | D:4      | Identified the +6 hand axe of the Sky {drain, Fly}
  3752 | D:5      | Entered Level 5 of the Dungeon
  3765 | D:5      | You pick up a book of Air and begin reading...
  3765 | D:5      | You add the spells Shock, Swiftness and Airstrike to your
                  | library.
  3774 | D:5      | Reached skill level 1 in Invocations
  3776 | D:5      | Found a staircase to the Ecumenical Temple.
  3784 | D:5      | Reached skill level 6 in Unarmed Combat
  3786 | D:5      | Reached skill level 2 in Ice Magic
  3888 | D:5      | Found a transporter.
  3892 | D:5      | Found a transporter.
  3892 | D:5      | Noticed Absynth's ghost (novice TeAE)
  3899 | D:5      | Found a basalt altar of Yredelemnul.
  4009 | D:5      | Gained mutation: You are partially covered in molten
                  | scales. (AC +2) [demonic ancestry]
  4009 | D:5      | Reached XP level 8. HP: 48/54 MP: 16/16
  4038 | D:5      | Reached skill level 8 in Transmutations
  4038 | D:5      | Reached skill level 2 in Invocations
  4079 | D:5      | Found a shimmering blue altar of Sif Muna.
  4269 | D:5      | Reached skill level 3 in Ice Magic
  4300 | D:5      | Found a sacrificial altar of Ru.
  4647 | D:6      | Reached * piety under Makhleb
  4666 | D:6      | Noticed Grinder
  4692 | D:6      | Killed Grinder
  4693 | D:6      | Reached skill level 6 in Spellcasting
  4773 | D:6      | Noticed Blork the orc
  4779 | D:6      | Killed Blork the orc
  4897 | D:6      | You pick up a book of Rime and begin reading...
  4897 | D:6      | You add the spells Frozen Ramparts and Summon Ice Beast to
                  | your library.
  4988 | D:6      | Gained mutation: You are mostly covered in molten scales.
                  | (AC +3) [demonic ancestry]
  4988 | D:6      | Reached XP level 9. HP: 59/59 MP: 18/18
  5005 | D:6      | Reached skill level 3 in Invocations
  5629 | D:7      | Noticed a cyclops
  5653 | D:7      | Killed a cyclops
  5654 | D:7      | Reached skill level 4 in Ice Magic
  5741 | D:7      | You add the spells Ignite Poison, Sticky Flame and Ignition
                  | to your library.
  5945 | D:7      | Found a broken altar of Ashenzari.
  5950 | D:7      | Found an ancient bone altar of Kikubaaqudgha.
  6202 | D:7      | Reached ** piety under Makhleb
  6380 | D:8      | Reached skill level 4 in Invocations
  6527 | D:8      | Reached skill level 9 in Transmutations
  6645 | D:8      | Noticed an elephant
  6710 | D:8      | Killed an elephant
  6711 | D:8      | Gained mutation: You sometimes gain power by taking damage.
                  | [demonic ancestry]
  6711 | D:8      | Reached XP level 10. HP: 51/65 MP: 19/19
  6758 | D:8      | Reached skill level 5 in Ice Magic
  7082 | D:8      | Noticed a two-headed ogre
  7089 | D:8      | Killed a two-headed ogre
  7090 | D:8      | Reached skill level 7 in Unarmed Combat
  7090 | D:8      | Reached skill level 5 in Invocations
  7174 | D:8      | Found a staircase to the Lair.
  7216 | D:8      | Noticed a two-headed ogre
  7229 | D:8      | Killed a two-headed ogre
  7351 | D:9      | Found a stormy altar of Qazlal.
  7474 | D:9      | Noticed a two-headed ogre
  7488 | D:9      | Killed a two-headed ogre
  7552 | D:9      | Reached *** piety under Makhleb
  7577 | D:9      | Reached skill level 7 in Spellcasting
  7577 | D:9      | Reached skill level 6 in Ice Magic
  7583 | D:9      | Found a flagged portal.
  7613 | D:9      | Gained mutation: You are robust. (+10% HP) [demonic
                  | ancestry]
  7613 | D:9      | Reached XP level 11. HP: 67/77 MP: 21/21
  7616 | D:9      | Reached skill level 6 in Invocations
  7625 | Bailey   | Entered a bailey
  7889 | Bailey   | Reached skill level 10 in Transmutations
  8033 | Bailey   | Acquired the ring "Waginib" {rElec Will+ Str+6}
  8067 | Bailey   | Noticed an orc high priest
  8075 | Bailey   | Noticed a sixfirhy
  8080 | Bailey   | Killed an orc high priest
  8140 | Bailey   | Reached **** piety under Makhleb
  8196 | Bailey   | Found an iron altar of Okawaru.
  8198 | Bailey   | Noticed an orc high priest
  8214 | Bailey   | Killed an orc high priest
  8251 | Bailey   | Found the +3 Mad Mage's Maulers {Infuse+∞ VampMP -Cast}
  8412 | Bailey   | Acquired 832 gold pieces
  8429 | D:9      | Identified the +3 hand axe "Giamuk" {venom, Str+4 Int+3
                  | Stlth-}
  8533 | D:9      | Noticed an eight-headed hydra
  8545 | D:9      | HP: 1/92 [tengu conjurer] (32)]
  8552 | D:9      | Killed an eight-headed hydra
  8553 | D:9      | Reached skill level 7 in Ice Magic
  8732 | D:9      | Noticed a wizard
  8738 | D:9      | Noticed a deep elf pyromancer
  8743 | D:9      | Killed a wizard
  8744 | D:9      | Reached skill level 7 in Invocations
  8769 | D:9      | HP: 23/92 [wraith (9)]
  8770 | D:9      | Noticed a four-headed hydra
  8777 | D:9      | Noticed a cyan ugly thing
  8777 | D:9      | HP: 15/92 [four-headed hydra (12)]
  8779 | D:9      | Killed a four-headed hydra
  8780 | D:9      | Reached skill level 5 in Fighting
  8780 | D:9      | Reached skill level 5 in Dodging
  8780 | D:9      | Gained mutation: You have a tail ending in a sharp stinger.
                  | [demonic ancestry]
  8780 | D:9      | Reached XP level 12. HP: 35/94 MP: 23/23
  8788 | D:9      | HP: 28/112 [cyan ugly thing (11)]
  8790 | D:9      | HP: 11/112 [cyan ugly thing (5)]
  8897 | D:9      | Reached skill level 8 in Unarmed Combat
  9037 | D:9      | You pick up a book of Spectacle and begin reading...
  9037 | D:9      | You add the spells Dazzling Flash, Iskenderun's Mystic
                  | Blast and Starburst to your library.
  9412 | D:9      | Found a shimmering altar of Xom.
  9418 | D:9      | You add the spells Sting, Poisonous Vapours and Olgreb's
                  | Toxic Radiance to your library.
  9692 | Lair:1   | Entered Level 1 of the Lair of Beasts
  9871 | Lair:1   | Identified the +6 chain mail "Masyho" {Str-5 Int+5}
 10067 | Lair:1   | Noticed a death yak
 10067 | Lair:1   | Noticed a death yak
 10074 | Lair:1   | Noticed a death yak
 10077 | Lair:1   | Killed a death yak
 10078 | Lair:1   | Reached skill level 11 in Transmutations
 10078 | Lair:1   | Reached skill level 8 in Ice Magic
 10078 | Lair:1   | Noticed a death yak
 10129 | Lair:1   | Killed a death yak
 10130 | Lair:1   | Reached skill level 8 in Spellcasting
 10130 | Lair:1   | Reached skill level 8 in Invocations
 10130 | Lair:1   | Gained mutation: You are completely covered in molten
                  | scales. (AC +4, rF+) [demonic ancestry]
 10130 | Lair:1   | Reached XP level 13. HP: 101/101 MP: 18/25
 10141 | Lair:1   | HP: 27/121 [death yak (17)]
 10988 | Lair:2   | Found a hole to the Spider Nest.
 11368 | Lair:2   | Found a staircase to the Shoals.
 11372 | Lair:2   | You pick up a book of Unlife and begin reading...
 11372 | Lair:2   | You add the spells Animate Dead, Borgnjor's Vile Clutch and
                  | Death Channel to your library.
 11444 | Lair:3   | Noticed Urug
 11610 | Lair:3   | You pick up a book of Lightning and begin reading...
 11610 | Lair:3   | You add the spells Static Discharge and Lightning Bolt to
                  | your library.
 11710 | Lair:3   | Noticed Sonja
 11722 | Lair:3   | Killed Sonja
 12434 | Lair:3   | Killed Urug
 12491 | Lair:4   | You fall into a shaft and drop 1 floor!
 12491 | Lair:5   | Entered Level 5 of the Lair of Beasts
 12520 | Lair:5   | HP: 17/121 [komodo dragon (20)]
 12522 | Lair:5   | Reached skill level 9 in Ice Magic
 12527 | Lair:5   | HP: 29/121 [elephant (4)]
 12531 | Lair:5   | Found a staircase to the Slime Pits.
 12536 | Lair:5   | Found a viscous altar of Jiyva.
 12541 | Lair:5   | Reached skill level 9 in Invocations
 12639 | Lair:5   | Reached ***** piety under Makhleb
 12717 | Lair:4   | HP: 27/121 [yak (5)]
 12719 | Lair:4   | HP: 11/121 [yak (4)]
 12728 | Lair:4   | Reached skill level 12 in Transmutations
 12956 | Lair:4   | Found a runed translucent door.
 12959 | Lair:4   | Noticed Rafuutu's ghost (journeyman DDFi)
 13111 | Lair:4   | Reached skill level 9 in Unarmed Combat
 13327 | Lair:4   | Identified the +2 scale mail of Restlessness {rC++}
 13362 | Lair:4   | HP: 28/121 [komodo dragon (10)]
 13525 | Lair:4   | Reached XP level 14. HP: 99/108 MP: 21/26
 14290 | Lair:5   | Reached skill level 9 in Spellcasting
 14389 | Lair:5   | Killed from afar by a lindwurm

Vanquished Creatures
  2 hydras
  3 two-headed ogres
  A boulder beetle (Lair:4)
  8 death yaks
  An orc high priest (Bailey)
  A wizard (D:9)
  A lindwurm (Lair:5)
  A deep elf pyromancer (D:9)
  An ugly thing (D:9)
  A cyclops (D:7)
  12 elephants
  A manticore (D:9)
  5 cane toads
  8 komodo dragons
  4 polar bears
  A troll (D:9)
  2 hornets (D:9)
  Grinder (D:6)
  14 blink frogs
  2 jumping spiders (Lair:2)
  Sigmund (D:3)
  A wraith (D:9)
  A culicivora (Lair:2)
  5 wyverns
  21 yaks
  A steam dragon (D:9)
  3 redbacks (Lair:2)
  10 water moccasins
  2 sky beasts
  3 black bears
  15 orc warriors
  3 ice beasts
  3 ogres
  4 wolves (Lair:1)
  6 centaurs
  Blork the orc (D:6)
  5 kobold brigands
  9 bullfrogs
  A necrophage (D:8)
  2 scorpions
  3 gnoll sergeants
  5 wights (D:8)
  5 killer bees (D:9)
  5 howler monkeys
  7 electric eels
  3 crimson imps (D:9)
  3 hounds
  An orc priest (D:5)
  A gnoll bouda (D:9)
  2 jellies
  Jessica (D:3)
  4 iguanas
  8 orc wizards
  A centaur simulacrum (D:9)
  14 gnolls
  9 adders
  3 white imps
  4 ufetubi
  3 worms
  25 orcs
  5 ball pythons
  4 bats
  7 endoplasms
  6 giant cockroaches
  18 goblins
  14 hobgoblins
  3 jackals (D:5)
  31 kobolds
  A quokka (D:3)
  A frilled lizard (D:3)
  6 rats
370 creatures vanquished.

Vanquished Creatures (collateral kills)
  Sonja (Lair:3)
  An orc high priest (Bailey)
  Urug (Lair:3)
  A cane toad (Lair:3)
  A rime drake (Lair:3)
  5 yaks
  A killer bee (D:9)
  A goblin (Bailey)
12 creatures vanquished.

Vanquished Creatures (others)
  A hydra (D:9)
  A tengu conjurer (D:9)
  A killer bee (D:9)
  15 fungi
  16 plants
34 creatures vanquished.

Grand Total: 416 creatures vanquished

Table legend:
 A = Non-vault XP
 B = Vault XP
 C = Vault XP percentage of total XP
 D = Non-vault monster count
 E = Vault monster count
 F = Vault count percentage of total count
                 A         B        C        D         E       F
            +---------+---------+-------+---------+---------+-------
      Total |   38652 |   16355 |  29.7 |     283 |     100 |  26.1
            +---------+---------+-------+---------+---------+-------
        D:1 |      39 |       0 |   0.0 |      23 |       0 |   0.0
        D:2 |      58 |       0 |   0.0 |      14 |       0 |   0.0
        D:3 |      70 |     273 |  79.6 |      19 |       3 |  13.6
        D:4 |     277 |       0 |   0.0 |      18 |       0 |   0.0
        D:5 |    1059 |      71 |   6.3 |      29 |       3 |   9.4
        D:6 |     787 |     377 |  32.4 |      16 |       2 |  11.1
        D:7 |    1357 |       0 |   0.0 |      29 |       0 |   0.0
        D:8 |    2792 |     995 |  26.3 |      26 |       4 |  13.3
        D:9 |    3350 |    6494 |  66.0 |      24 |      30 |  55.6
     Lair:1 |    5159 |       0 |   0.0 |      16 |       0 |   0.0
     Lair:2 |     896 |    1241 |  58.1 |       3 |       6 |  66.7
     Lair:3 |    3893 |    1877 |  32.5 |      17 |       4 |  19.0
     Lair:4 |   13487 |       0 |   0.0 |      36 |       0 |   0.0
     Lair:5 |    5428 |    1615 |  22.9 |      13 |       6 |  31.6
     Bailey |       0 |    3412 | 100.0 |       0 |      42 | 100.0
            +---------+---------+-------+---------+---------+-------

Illustrated notes

Table legend:
 A = Kills in this place as a percentage of kills in entire the game.
 B = Kills by you in this place as a percentage of kills by you in the entire game.
 C = Kills by friends in this place as a percentage of kills by friends in the entire game.
 D = Other kills in this place as a percentage of other kills in the entire game.
 E = Experience gained in this place as a percentage of experience gained in the entire game.
 F = Experience gained in this place divided by the number of levels of this place that you have seen.
                   A       B       C       D       E      F
               +-------+-------+-------+-------+-------+----------------------
         Total | 100.0 | 100.0 | 100.0 | 100.0 | 100.0 | 3667.1
       Dungeon |  62.7 |  63.2 |  41.7 | 100.0 |  32.7 | 1999.9
          Lair |  26.4 |  25.9 |  41.7 |   0.0 |  61.1 | 6719.2
        Bailey |  11.0 |  10.8 |  16.7 |   0.0 |   6.2 | 3412.0
               +-------+-------+-------+-------+-------+----------------------

Table legend: (Time is in decaauts)
 A = Elapsed time spent in this place.
 B = Non-inter-level travel time spent in this place.
 C = Inter-level travel time spent in this place.
 D = Time resting spent in this place.
 E = Time spent auto-exploring this place.
 F = Levels seen in this place.
 G = Mean time per level.
                   A        B        C        D        E       F      G
               +--------+--------+--------+--------+--------+-----+--------+
         Total |  14293 |  13868 |    425 |    513 |  10470 |  15 |  952.9 |
       Dungeon |   8841 |   8511 |    330 |    189 |   6563 |   9 |  982.3 |
          Lair |   4661 |   4566 |     95 |    229 |   3528 |   5 |  932.2 |
        Bailey |    789 |    789 |      0 |     95 |    379 |   1 |  789.0 |
               +--------+--------+--------+--------+--------+-----+--------+

Top non-repeatable levels by time:
  Lair:4: 1583 daAuts
     D:9: 1456 daAuts
     D:3: 1289 daAuts
  Lair:3: 1108 daAuts
     D:8: 1068 daAuts
     D:1: 1030 daAuts
     D:6: 959 daAuts
  Lair:1: 886 daAuts
     D:5: 884 daAuts
  Lair:2: 809 daAuts
  Bailey: 789 daAuts
     D:7: 726 daAuts
     D:2: 717 daAuts
     D:4: 708 daAuts
  Lair:5: 273 daAuts
